 Dungeon Crawl Stone Soup version 0.30-a0-808-g6e0788376e (webtiles) character file.

Game seed: 11903130473538965216

25 Farfigtubin the Sneak (level 3, 0/21 HPs)
             Began as a Kobold Brigand on Feb 26, 2023.
             Slain by a gnoll
             ... wielding a +2 flail of protection
              (15 damage)
             ... on level 2 of the Dungeon.
             The game lasted 00:06:51 (712 turns).

Farfigtubin the Sneak (Kobold Brigand)               Turns: 712, Time: 00:06:52

Health: 0/21       AC:  3    Str:  8    XL:     3   Next: 20%
Magic:  3/3        EV: 15    Int: 12    God:
Gold:   65         SH:  0    Dex: 18    Spells: 2/2 levels left

rFire   . . .      SeeInvis .    g - +0 dagger (venom)
rCold   . . .      Faith    .    (no shield)
rNeg    . . .      Spirit   .    b - +0 robe
rPois   .          Reflect  .    (no helmet)
rElec   .          Harm     .    c - +0 cloak
rCorr   .          Rampage  .    (no gloves)
Will    .....                    (no boots)
Stlth   ++++                     (no amulet)
HPRegen 0.23/turn                (no ring)
MPRegen 0.08/turn                (no ring)

@: no status effects
A: small, no large weapons, nightstalker 3
a: no special abilities


You were on level 2 of the Dungeon.
You visited 1 branch of the dungeon, and saw 2 of its levels.

You collected 65 gold pieces.

Inventory:

Hand Weapons
 a - a +2 dagger
 g - a +0 dagger of venom (weapon)
Missiles
 d - 15 poisoned darts (quivered)
 e - 3 curare-tipped darts
 i - 11 stones
Armour
 b - a +0 robe (worn)
 c - a +0 cloak (worn)
Wands
 m - a wand of mindburst (9)
Scrolls
 f - a scroll of immolation {unknown}
 h - a scroll of enchant weapon {unknown}
 k - a scroll of identify {unknown}
Potions
 j - a potion of degeneration {unknown}
 l - a potion of cancellation {unknown}


   Skills:
 - Level 2.1 Fighting
 * Level 3.8 Short Blades
 - Level 2.1 Throwing
 + Level 2.0 Dodging
 + Level 5.6 Stealth


You had 2 spell levels left.
You didn't know any spells.
Your spell library contained the following spells:

 Spells                   Type           Power      Damage    Failure   Level
 Hailstorm                Conj/Ice       0%         3d3       69%         3
 Ice Form                 Ice/Tmut       0%         N/A       97%         4
 Simulacrum               Ice/Necr       0%         N/A       100%        6


Dungeon Overview and Level Annotations

Branches:
Dungeon (2/15)

Altars:


Innate Abilities, Weirdness & Mutations

You are small and have problems with some larger weapons.
You are completely attuned to the shadows.


Message History

You see here a +1 mace of draining.
You see here a +0 leather armour.
Found a white potion.
k - a scroll labelled AKESKY QOERIE
l - a white potion
Found a forked copper wand.
m - a wand of mindburst (9)
Found 16 gold pieces.
You now have 51 gold pieces (gained 16).
Found a stone staircase leading up.
There is a stone staircase leading up here.
Found a stone staircase leading down.
A kobold comes into view. It is wielding a +0 dagger.
The helpless kobold fails to defend itself.
You perforate the kobold like a sieve!!!
You kill the kobold!
Found 14 gold pieces. 2 gnolls come into view.
A gnoll is wielding a +2 flail of protection.
Found a stone staircase leading down.
You see here 14 gold pieces.
Found 7 gold pieces.
The gnoll shouts!
You hear a shout!
A gnoll comes into view. It is wielding a +0 club.
You see here 14 gold pieces.
You now have 65 gold pieces (gained 14).
The gnoll attacks as you move away!
The gnoll hits you with a +2 flail of protection.
The gnoll attacks as you move away! The gnoll misses you.
The gnoll attacks as you move away!
The gnoll hits you with a +2 flail of protection.
The gnoll attacks as you move away! The gnoll closely misses you.
There is a stone staircase leading down here.
The gnoll attacks as you move away! The gnoll barely misses you.
The gnoll attacks as you move away! The gnoll misses you.
The gnoll attacks as you move away! The gnoll closely misses you.
There is a stone staircase leading up here.
The gnoll hits you with a +2 flail of protection!
Ouch! That really hurt!
You die...

..# #.##.........
..## #.##.#g....##
...# #.g..##>..##
...# ########..# ...#
###########..### ...#
#.......g.g..... ...#
#.#.##.##.##.###..##.
##.#
#.#.##.##.##g###..#
##.#
#..........@......#
##.#
#....#..####.####.#
##[###.......####.#
..........#.......#
...####..##########
#### ##.# # #.# # #.#
#


You could see 2 gnolls.

Vanquished Creatures
  A dart slug (D:1)
  3 bats
  An endoplasm (D:1)
  A goblin (D:1)
  A hobgoblin (D:2)
  3 jackals (D:2)
  2 quokkas (D:1)
  2 ball pythons (D:1)
  A frilled lizard (D:1)
  6 kobolds
  2 rats (D:1)
23 creatures vanquished.

Notes
Turn   | Place    | Note
-------+----------+-------------------------------------------
     0 | D:1      | Farfigtubin the Kobold Brigand began the quest for the Orb.
     0 | D:1      | Reached XP level 1. HP: 12/12 MP: 1/1
   179 | D:1      | Reached XP level 2. HP: 17/17 MP: 2/2
   321 | D:2      | Found a faded altar of an unknown god.
   452 | D:1      | Reached XP level 3. HP: 21/21 MP: 3/3
   712 | D:2      | Slain by a gnoll

Illustrated notes

Levels and vault maps discovered:
D:1:      amcnicky_arrival_wind_blow, layout_basic
D:2:      layout_loops_ring, nicolae_ecumenical_oubliette, uniq_natasha,
          uniq_sigmund

Skill      XL: |  1  2  3 |
---------------+----------+-----
Short Blades   | 3 |  3.8
Dodging        | 2 |  2.0
Fighting       | |  2.1
Throwing       | |  2.1
Stealth        | |  5.6

Action                     || total
---------------------------++-------
  Melee: Dagger            ||    34
   Stab: Sleeping          ||    18
 Armour: Robe              ||     2
  Dodge: Dodged            ||    14

Table legend: (Time is in decaauts)
 A = Elapsed time spent in this place.
 B = Non-inter-level travel time spent in this place.
 C = Inter-level travel time spent in this place.
 D = Time resting spent in this place.
 E = Time spent auto-exploring this place.
 F = Levels seen in this place.
 G = Mean time per level.
                   A        B        C        D        E       F      G
               +--------+--------+--------+--------+--------+-----+--------+
         Total |    706 |    685 |     21 |     18 |      0 |   2 |  353.0 |
       Dungeon |    706 |    685 |     21 |     18 |      0 |   2 |  353.0 |
               +--------+--------+--------+--------+--------+-----+--------+

Top non-repeatable levels by time:
     D:1: 457 daAuts
     D:2: 248 daAuts
